 Dungeon Crawl Stone Soup version 0.32-a0-450-g080537f31e (webtiles) character file.

Game seed: 5177281418026998678

1379139 PaperRat the Gelid (level 27, 219/219 HPs)
             Began as a Coglin Wanderer on Feb 23, 2024.
             Was an Initiate of Gozag.
             Escaped with the Orb
             ... and 3 runes!
             The game lasted 06:38:30 (103478 turns).

PaperRat the Gelid (Coglin Wanderer)              Turns: 103478, Time: 06:38:31

Health: 219/219    AC: 22    Str:  9    XL:     27
Magic:  43/43      EV: 30    Int: 31    God:    Gozag
Gold:   2293       SH:  7    Dex: 22    Spells: 3/58 levels left

rFire   + . .        N - +2 trident "Gipp" {speed, rPois rF+ Will+}
rCold   + . .        v - staff of cold {Cenhelm}
rNeg    + . .        y - +5 leather armour of Ahimatocueq {Will+}
rPois   +            t - +1 helmet "Erodifem" {Dex+3}
rElec   +            P - +1 cloak "Pioc" {rN+ Dex+3}
rCorr   +            J - +2 pair of gloves {Stlth+}
SInv    +            s - +2 pair of boots {Fly}
Will    ++++.        q - amulet "Giytois" {Reflect Fly Int+5 Dex-4 SH+5 Stlth+}
Stlth   ++           g - ring of the Octopus King {HP+2 AC+2 EV+2 SH+2 SInv, =R}
HPRegen 0.56/turn    l - ring "Himyt" {rElec rCorr EV+5 Dex+5}
MPRegen 0.28/turn

%: reflection
@: flying
A: off-hand wielding, slow wielding, warmup strikes, legs shutdown, weak 1
0: Orb of Zot
}: 3/15 runes: serpentine, barnacled, slimy
a: Renounce Religion, Potion Petition, Call Merchant, Bribe Branch


You escaped.
You worshipped Gozag.
Gozag was most pleased with you.
You visited 11 branches of the dungeon, and saw 52 of its levels.
You visited 1 bazaar.
You also visited: Ossuary, Bailey, Gauntlet and Ice Cave.

You collected 32835 gold pieces.
You spent 11050 gold pieces at shops.
You paid 19492 gold pieces to Gozag.

Inventory:

Hand Weapons
 N - the +2 trident "Gipp" (weapon) {speed, rPois rF+ Will+}
   (You took it off an orc in a bailey)

   rF+:       It protects you from fire.
   rPois:     It protects you from poison Will+: It increases your willpower.
Missiles
 p - 4 darts of dispersal
 F - 2 curare-tipped darts (quivered)
 S - 8 throwing nets {!f}
Armour
 s - a +2 pair of boots of flying (worn)
 t - the +1 helmet "Erodifem" (worn) {Dex+3}
   (You found it in a Gauntlet)

   Dex+3:     It affects your dexterity (+3).
 y - the +5 leather armour of Ahimatocueq (worn) {Will+}
   (You bought it in a shop on level 10 of the Dungeon)

   Will+:     It increases your willpower.
 J - a +2 pair of gloves of stealth (worn)
 P - the +1 cloak "Pioc" (worn) {rN+ Dex+3}
   (You found it on level 4 of the Vaults)

   Dex+3:     It affects your dexterity (+3).
   rN+:       It protects you from negative energy.
Magical Staves
 v - a staff of cold (offhand) {Cenhelm}
Jewellery
 g - a ring of the Octopus King (left grasper) {HP+2 AC+2 EV+2 SH+2 SInv, =R}
   (You bought it in a shop on level 1 of the Depths)

   [ring of see invisible]

   AC+2:      It affects your AC (+2).
   EV+2:      It affects your evasion (+2).
   HP+2:      It affects your health (+2).
   SInv:      It lets you see invisible.
   SH+2:      It affects your SH (+2).
 j - a ring of protection from fire
 l - the ring "Himyt" (right grasper) {rElec rCorr EV+5 Dex+5}
   (You bought it in a shop on level 14 of the Dungeon)

   [ring of evasion]

   EV+5:      It affects your evasion (+5).
   Dex+5:     It affects your dexterity (+5).
   rElec:     It insulates you from electricity.
   rCorr:     It protects you from acid and corrosion.
 q - the amulet "Giytois" (around neck) {Reflect Fly Int+5 Dex-4 SH+5 Stlth+}
   (You acquired it on level 11 of the Dungeon)

   [amulet of reflection]

   Reflect:   It reflects blocked missile attacks.
   Int+5:     It affects your intelligence (+5).
   Dex-4:     It affects your dexterity (-4).
   Fly:       It grants you flight.
   SH+5:      It affects your SH (+5).
   Stlth+:    It makes you more stealthy.
 E - the ring "Aschesmuti" {rF++ rC+}
   (You bought it in a shop on level 14 of the Dungeon)

   [ring of protection from cold]

   rF++:      It greatly protects you from fire.
   rC+:       It protects you from cold.
 T - the ring "Qytzusir" {Ice *Corrode +Blink rElec Stlth+}
   (You took it off Josephina on level 3 of the Realm of Zot)

   [ring of ice]

   Ice:       It enhances your ice magic.
   rF-:       It makes you vulnerable to fire.
   rC+:       It protects you from cold.
   rElec:     It insulates you from electricity.
   +Blink:    It lets you blink.
   *Corrode:  It may corrode you when you take damage.
   Stlth+:    It makes you more stealthy.
Wands
 b - a wand of iceblast (35)
 c - a wand of light (4)
 d - a wand of digging (25)
 m - a wand of polymorph (12)
 n - a wand of charming (33)
 z - a wand of mindburst (15)
Scrolls
 a - 7 scrolls of poison
 e - 12 scrolls of fog {@r2}
 f - 7 scrolls of blinking {@r5}
 o - 8 scrolls of vulnerability
 r - 8 scrolls of enchant armour
 w - 3 scrolls of butterflies {@r6}
 G - 7 scrolls of immolation
 H - 12 scrolls of fear {@r4}
 I - 5 scrolls of amnesia
 L - 4 scrolls of revelation
 Y - 16 scrolls of teleportation {@r3}
Potions
 h - 4 potions of cancellation
 i - 14 potions of heal wounds {@q2}
 k - 3 potions of haste {@q4}
 u - 5 potions of ambrosia
 x - 5 potions of invisibility
 A - 10 potions of mutation {@q7}
 K - 9 potions of enlightenment {@q6}
 M - 17 potions of curing {@q1}
 O - 5 potions of resistance
 Q - 8 potions of lignification
 R - 7 potions of might {@q3}
 U - 3 potions of magic
 W - 6 potions of brilliance {@q5}
Miscellaneous
 B - a phantom mirror
 C - a tin of tremorstones (2/2)
 V - a lightning rod (4/4)
 X - a sack of spiders
 Z - a phial of floods


   Skills:
 - Level 18.0 Fighting
 - Level 6.0 Staves
 - Level 8.8 Armour
 + Level 15.4 Dodging
 - Level 2.0 Stealth
 - Level 16.0 Spellcasting
 - Level 8.0 Conjurations
 + Level 16.5 Summonings
 + Level 16.6 Translocations
 - Level 18.0 Ice Magic
 - Level 8.0 Air Magic
 - Level 1.8 Earth Magic
 - Level 14.0 Alchemy
 - Level 18.0 Evocations


You had 3 spell levels left.
You knew the following spells:

 Your Spells              Type           Power      Damage    Failure   Level
b - Ozocubu's Refrigerat  Ice            58%        4d20      1%          7
c - Malign Gateway        Summ/Tloc      45%        N/A       1%          7
f - Eringya's Noxious Bo  Alch           42%        4d6       1%          6
g - Passwall              Erth           36%        N/A       3%          3
i - Summon Lightning Spi  Summ/Air       79%        N/A       1%          4
q - Irradiate             Conj/Alch      37%        3d24      1%          5
s - Yara's Violent Unrav  Hex/Alch       31%        3d13      3%          5
t - Blink                 Tloc           100%       N/A       0%          2
v - Ignite Poison         Fire/Alch      62%        N/A       1%          4
w - Dispersal             Tloc           45%        N/A       1%          6
x - Summon Forest         Summ/Tloc      45%        N/A       1%          5
z - Apportation           Tloc           100%       N/A       0%          1

Your spell library contained the following spells:

 Spells                   Type           Power      Damage    Failure   Level
 Freeze                   Ice            100%       1d10      0%          1
 Summon Small Mammal      Summ           100%       N/A       0%          1
 Call Imp                 Summ           100%       N/A       0%          2
 Lesser Beckoning         Tloc           100%       N/A       0%          2
 Call Canine Familiar     Summ           91%        N/A       0%          3
 Frozen Ramparts          Ice            100%       1d16      0%          3
 Gell's Gravitas          Tloc           91%        N/A       0%          3
 Ozocubu's Armour         Ice            100%       N/A       0%          3
 Summon Ice Beast         Ice/Summ       100%       N/A       0%          3
 Teleport Other           Tloc           91%        N/A       0%          3
 Foxfire                  Conj/Fire      100%       2x1d9     1%          1
 Kiss of Death            Conj/Necr      100%       2d13      1%          1
 Magic Dart               Conj           100%       1d8       1%          1
 Sandblast                Erth           72%        2d16      1%          1
 Sting                    Conj/Alch      100%       1d9       1%          1
 Cigotuvi's Dreadful Rot  Necr/Alch/Air  100%       N/A       1%          2
 Ensorcelled Hibernation  Hex/Ice        100%       N/A       1%          2
 Mercury Vapours          Alch/Air       100%       N/A       1%          2
 Momentum Strike          Conj/Tloc      100%       3d10      1%          2
 Searing Ray              Conj           100%       2d8       1%          2
 Static Discharge         Conj/Air       100%       3-8/arc   1%          2
 Dazzling Flash           Conj/Hex       98%        N/A       1%          3
 Hailstorm                Conj/Ice       100%       3d16      1%          3
 Mephitic Cloud           Conj/Alch/Air  72%        N/A       1%          3
 Stone Arrow              Conj/Erth      100%       3d13      1%          3
 Necrotise                Necr           96%        1d8       2%          1
 Jinxbite                 Hex            48%        N/A       3%          2
 Scorch                   Fire           48%        2d7       3%          2
 Sublimation of Blood     Necr           24%        N/A       3%          2
 Confusing Touch          Hex            24%        N/A       7%          3
 Fugue of the Fallen      Necr           24%        N/A       7%          3
 Animate Armour           Summ/Erth      100%       N/A       1%          4
 Fulminant Prism          Conj/Alch      37%        3d17      1%          4
 Leda's Liquefaction      Alch/Erth      32%        N/A       1%          4
 Manifold Assault         Tloc           91%        N/A       1%          4
 Olgreb's Toxic Radiance  Alch           84%        N/A       1%          4
 Passage of Golubria      Tloc           91%        N/A       1%          4
 Petrify                  Alch/Erth      65%        N/A       1%          4
 Summon Blazeheart Golem  Fire/Summ      66%        N/A       1%          4
 Vhi's Electric Charge    Tloc/Air       100%       N/A       1%          4
 Alistair's Intoxication  Alch           56%        N/A       1%          5
 Freezing Cloud           Conj/Ice/Air   48%        6-21      1%          5
 Summon Mana Viper        Hex/Summ       66%        N/A       1%          5
 Sculpt Simulacrum        Ice/Alch       55%        N/A       1%          6
 Summon Cactus Giant      Summ           45%        N/A       1%          6
 Monstrous Menagerie      Summ           45%        N/A       1%          7
 Summon Hydra             Summ           45%        N/A       1%          7
 Arcjolt                  Conj/Air       32%        1d42      2%          5
 Brom's Barrelling Bould  Conj/Erth      53%        2d7       3%          4
 Flame Wave               Conj/Fire      49%        2d12      4%          4
 Silence                  Hex/Air        24%        N/A       12%         5
 Conjure Ball Lightning   Conj/Air       32%        3x3d10    13%         6
 Disjunction              Tloc           45%        N/A       16%         8
 Anguish                  Hex/Necr       12%        N/A       22%         4
 Dispel Undead            Necr           24%        3d12      22%         4
 Lee's Rapid Deconstruct  Erth           18%        3d11*     28%         5
 Borgnjor's Vile Clutch   Necr/Erth      15%        N/A       38%         5
 Curse of Agony           Necr           24%        N/A       52%         5
 Plasma Beam              Fire/Air       24%        2x1d36    54%         6
 Starburst                Conj/Fire      24%        6d8       54%         6
 Death Channel            Necr           12%        N/A       98%         6
 Enfeeble                 Hex            12%        N/A       100%        7
 Discord                  Hex            12%        N/A       100%        8
 Lehudib's Crystal Spear  Conj/Erth      26%        10d7      100%        8
 Animate Dead             Necr           Unusable   N/A       N/A         4

Dungeon Overview and Level Annotations

Branches:
Dungeon (15/15)            Temple (1/1) D:6            Lair (5/5) D:10
 Shoals (4/4) Lair:3        Snake (4/4) Lair:3        Slime (5/5) Lair:4
    Orc (2/2) D:11            Elf (3/3) Orc:2        Vaults (4/5) D:14
  Crypt (0/3) Vaults:2     Depths (4/4) D:15            Zot (5/5) Depths:4
Ossuary (visited)          Bailey (visited)           IceCv (visited)
Gauntlet (visited)

Altars:
Ashenzari
Cheibriados
Dithmenos
Elyvilon
Fedhas
Gozag
Hepliaklqana
Kikubaaqudgha
Makhleb
Nemelex Xobeh
Okawaru
Qazlal
Ru
Sif Muna
Trog
Uskayaw
Vehumet
Wu Jian
Xom
Yredelemnul
Zin
The Shining One
Beogh

Shops:
D:3 [   D:10 [[([   D:14 =   D:15 :[*   Orc:1 [   Orc:2 *!:?(   Elf:2 !
Shoals:1 *?   Snake:3 =   Snake:4 (   Vaults:2 ?(*(   Depths:1 =:=:
Depths:2 [

Portals:
Hell: Depths:1 Depths:2 Depths:3 Depths:4
Abyss: Depths:3
Pandemonium: Depths:2
Ziggurat: Depths:2
Trove: Elf:1 (show abyssal rune of Zot)

Annotations:
D:15 Roxanne
Elf:2 3 runed translucent doors
Zot:5 1 exclusion


Innate Abilities, Weirdness & Mutations

You can wield a second weapon in your off-hand.
It takes a long time for you to wield or remove held weapons.
Your first few attacks do less damage.
Attacking and casting redirects power from your legs.
You are weak. (Str -2)


Message History

The sixfirhy is moderately wounded.
The hell beast misses you. The hell beast closely misses you.
As you read the scroll of butterflies {@r6}, it crumbles to dust.
You hear the flapping of tiny wings.
The hell beast is knocked back by the sudden gust.
You are no longer unable to travel.
The sixfirhy hits your butterfly!
Your butterfly dies!
Your butterfly disappears in a burst of colours!
The sixfirhy completely misses your butterfly.
The hell beast bites your butterfly!
Your butterfly dies!
Your butterfly disappears in a burst of colours!
You swap places.
A cacodemon comes into view.
The hell beast bites your butterfly!!
Your butterfly dies!
Your butterfly disappears in a burst of colours!
There is a stone staircase leading up, spattered with blood here.
The hell beast barely misses your butterfly.
The hell beast tramples your butterfly!
Your butterfly holds its ground!
Your butterfly dies!
Your butterfly disappears in a burst of colours!
You fly upwards.
Your summoned allies are left behind.
There is a stone staircase leading down here.
Casting: Ozocubu's Refrigeration (mildly dangerous; 1% risk of failure)
Confirm with . or Enter, or press ? or * to list all spells.
You feel a surge of power!
The heat is drained from your surroundings.
You kill the sixfirhy!
There is a stone staircase leading up here.
You fly upwards.
HP restored.
There is a stone staircase leading down here.
There is a stone staircase leading up here.
You fly upwards.
There is a stone staircase leading down here.
Magic restored.
There is an open door here.
There is a staircase leading out of the dungeon here.
You have escaped!

...........#
#..........#
###..#.
...........#
##.######### ##...
...........# #.##
#... ...#########
#..# #... ...#
##.# ##.. ...#
###'### ########..
...##### #.....#
#.........
.......# #.....#
#........>
.......# #..@..#
#......%..
##.....# #.....#
#.........
##.....# #.....#
#.........
.'.....# ###'###
#.........
.#.....#
#..######.........
.+.....#
##................
##.....#
########.........
.......#
#.........
########
#.........


There were no monsters in sight!

Vanquished Creatures
  the Royal Jelly (Slime:5)
  The ghost of Inony the Crack Shot, a master FoHu of Okawaru (Vaults:4)
  Bai Suzhen (Shoals:2)
  4 Killer Klowns
  A caustic shrike (Depths:2)
  Vashnia (Snake:4)
  5 golden dragons
  3 hellephants
  2 bone dragons (Depths:4)
  An electric golem (Zot:2)
  4 tentacled monstrosities
  Jorgrun (D:15)
  3 quicksilver dragons
  9 Orb Guardians
  2 deep elf blademasters (Elf:3)
  8 sphinxes
  2 deep elf master archers (Elf:3)
  5 death cobs
  22 acid blobs
  An Executioner (Depths:4)
  A shadow dragon (Depths:4)
  A kraken (Shoals:3)
  Donald (Shoals:3)
  12 storm dragons
  The ghost of Vorhees the Warrior, an adept CoGl of Gozag (Snake:1)
  2 tengu reavers
  7 draconian knights
  4 nagarajas (Snake:4)
  Ilsuiw (Shoals:4)
  5 rockslimes
  5 draconian monks
  7 fire giants
  4 frost giants
  2 draconian shifters
  5 deep elf sorcerers (Elf:3)
  16 azure jellies
  18 vault wardens
  3 draconian scorchers
  2 ghost moths
  A balrug (D:15)
  2 draconian annihilators
  4 deep elf elementalists (Elf:3)
  A draconian stormcaller (Zot:5)
  3 orc warlords
  2 angels
  15 ironbound preservers
  4 spriggan defenders
  11 quicksilver oozes
  27 very ugly things
  3 ironbound thunderhulks
  7 stone giants
  4 green draconians
  7 deep elf demonologists
  3 vampire knights
  2 war gargoyles
  4 deep elf death magi (Elf:3)
  The ghost of Koneso the Eclecticist, a journeyman DjCj of Ashenzari (D:14)
  3 black draconians
  13 purple draconians
  4 spark wasps
  4 deep elf annihilators (Elf:3)
  9 dire elephants
  4 red draconians
  8 white draconians
  3 yellow draconians
  4 ettins
  3 entropy weavers
  3 merfolk impalers
  18 fire dragons
  An eidolon (Vaults:4)
  6 merfolk javelineers (Shoals:4)
  9 yaktaur captains
  4 deep elf high priests
  11 great orbs of eyes
  4 rakshasas
  A spriggan zombie (Depths:2)
  8 vault guards
  8 ice dragons
  3 hydras
  2 peacekeepers
  A hell beast (Depths:3)
  2 salamander tyrants (Snake:4)
  A quicksilver dragon skeleton (Depths:2)
  2 ogre magi
  14 centaur warriors
  4 spriggan air magi
  8 merfolk avatars
  5 boulder beetles
  3 merfolk aquamancers
  4 ironbound frosthearts
  7 two-headed ogres
  13 anacondas
  3 satyrs
  6 dancing weapons
  A sphinx zombie (Depths:2)
  9 naga warriors
  2 catoblepae (Lair:5)
  2 tengu warriors
  10 death yaks
  7 deep troll shamans
  A vampire mage (Depths:2)
  7 deep troll earth magi
  6 shock serpents
  4 hell hogs
  7 naga sharpshooters
  4 orc high priests (Orc:2)
  2 occultists
  4 hell knights (Depths:2)
  2 spriggan berserkers
  A soul eater (Depths:2)
  4 spriggans
  Nergalle (D:10)
  4 sun demons
  13 deep elf knights
  2 skeletal warriors (D:15)
  5 iron trolls
  A sixfirhy (D:3)
  7 skysharks
  61 deep trolls
  5 salamander mystics
  7 sea snakes
  12 mana vipers
  2 flayed ghosts
  17 deep elf archers
  A glowing orange brain (Depths:2)
  8 naga ritualists
  5 arcanists
  30 harpies
  21 deep elf zephyrmancers
  14 ironbound convokers
  5 lindwurms
  43 deep elf pyromancers
  2 phantasmal warriors
  3 necromancers
  18 orc knights
  31 ugly things
  13 manticores
  4 shining eyes
  3 orc sorcerers
  14 fauns
  16 moths of wrath
  15 elephants
  14 salamanders
  A stone giant skeleton (Depths:2)
  5 cyclopes
  12 guardian serpents
  4 water nymphs
  A meliai (D:15)
  19 naga magi
  31 black mambas
  An ice statue (IceCv)
  20 vault sentinels
  An eye of devastation (Slime:5)
  6 merfolk sirens
  A rust devil (D:12)
  4 smoke demons
  2 gargoyles
  3 rime drakes
  2 large abominations (Depths:4)
  7 cane toads
  A torpor snail (Lair:5)
  A kobold demonologist (D:14)
  A centaur skeleton (D:14)
  5 komodo dragons
  3 tengu conjurers
  An efreet (D:15)
  44 yaktaurs
  10 ice devils (IceCv)
  2 freezing wraiths
  3 anaconda simulacra (IceCv)
  16 merfolk
  A troll (Orc:2)
  4 hornets
  A queen bee (shapeshifter) (D:15)
  A hellwing (D:12)
  5 wind drakes
  4 glass eyes
  8 blink frogs
  4 dream sheep
  8 snapping turtles
  A centaur simulacrum (Gauntlet)
  89 slime creatures
  A culicivora (Vaults:1)
  3 air elementals
  2 wyverns
  3 fire elementals
  2 shadows
  43 yaks
  A ynoxinul (Depths:1)
  14 water elementals
  3 wraiths
  7 basilisks
  6 wargs
  6 golden eyes (Slime:1)
  A human (D:9)
  A vampire mosquito (D:11)
  A death yak simulacrum (IceCv)
  4 redbacks
  A harpy simulacrum (IceCv)
  2 hydra simulacra (IceCv)
  34 nagas
  3 water moccasins
  26 orc warriors
  7 ice beasts
  6 black bears
  6 ogres
  A sky beast (D:8)
  4 boggarts (D:15)
  12 wolves
  12 centaurs
  3 kobold brigands (D:14)
  8 bullfrogs
  A weeping skull (Ossuary)
  An elf zombie (Ossuary)
  3 scorpions
  A two-headed ogre simulacrum (IceCv)
  5 wights
  2 burial acolytes (Ossuary)
  10 killer bees
  7 elephant simulacra (IceCv)
  A howler monkey (D:4)
  4 crimson imps (Depths:2)
  4 hounds
  A centaur zombie (Ossuary)
  A human zombie (Ossuary)
  18 orc priests
  2 iguanas
  Natasha (twice) (D:3)
  2 sleepcaps
  24 orc wizards
  A spriggan simulacrum (IceCv)
  A troll simulacrum (IceCv)
  3 polar bear simulacra (IceCv)
  6 wolf simulacra (IceCv)
  5 hound zombies (Ossuary)
  A boggart simulacrum (D:15)
  A mummy (Ossuary)
  Robin (D:3)
  7 adders
  A naga simulacrum (IceCv)
  A river rat (D:4)
  3 white imps
  4 ufetubi
  2 dart slugs
  3 ribbon worms
  62 orcs
  4 endoplasms
  6 giant cockroaches
  5 gnoll zombies (Ossuary)
  25 goblins
  12 hobgoblins
  3 jackals (D:3)
  5 quokkas
  4 ball pythons
  5 bats
  4 frilled lizards
  8 kobolds
  3 orc zombies (Ossuary)
  7 rats
  2 snaplasher vines
  A tentacle (Shoals:3)
1792 creatures vanquished.

Vanquished Creatures (collateral kills)
  2 orbs of fire (Zot:5)
  Josephina (Zot:3)
  2 Killer Klowns
  4 golden dragons
  An electric golem (Zot:5)
  12 tentacled monstrosities
  8 Orb Guardians (Zot:5)
  A lich (Vaults:1)
  A quicksilver dragon (Zot:1)
  Polyphemus (Shoals:2)
  3 death cobs
  Agnes (Snake:2)
  4 shadow dragons
  Aizul (Shoals:2)
  2 storm dragons
  A tengu reaver (Vaults:3)
  2 draconian knights
  2 nagarajas (Snake:4)
  An azure jelly (Lair:4)
  A draconian scorcher (Zot:3)
  An orc warlord (Orc:2)
  A draconian stormcaller (Depths:4)
  A very ugly thing (Depths:2)
  2 green draconians
  A black draconian (Zot:3)
  A dire elephant (Lair:5)
  3 purple draconians
  2 red draconians (Zot:3)
  A deep elf death mage (Elf:3)
  5 white draconians
  An eidolon (Vaults:4)
  A minotaur (Gauntlet)
  A blizzard demon (Depths:2)
  A fire dragon (Zot:1)
  A great orb of eyes (Vaults:1)
  2 catoblepae
  A vault guard (Vaults:2)
  4 ice dragons
  An ogre mage (Orc:2)
  An anaconda (Snake:4)
  An alligator snapping turtle (Shoals:3)
  A boulder beetle (Lair:2)
  7 dancing weapons
  A centaur warrior (D:11)
  4 two-headed ogres
  3 naga warriors
  The ghost of Bigboy123 the Severer, a novice MiBe of Trog (D:10)
  6 death yaks
  2 naga sharpshooters (Snake:4)
  Sonja (Orc:2)
  A deep elf knight (Elf:1)
  2 salamander mystics (Snake:4)
  5 skeletal warriors
  A naga ritualist (Snake:4)
  A mana viper (Snake:1)
  A quicksilver dragon simulacrum (Zot:3)
  A swamp dragon (Zot:1)
  A phantasmal warrior (Depths:3)
  A deep elf archer (Elf:2)
  An ironbound convoker (Vaults:1)
  An orc knight (D:14)
  A lindwurm (Lair:1)
  A deep elf pyromancer (Elf:3)
  4 salamanders (Snake:4)
  A manticore (Shoals:3)
  A faun (Shoals:3)
  8 elephants
  5 moths of wrath
  A kobold blastminer (Orc:2)
  2 naga magi (Snake:4)
  An ice statue (Lair:5)
  A merfolk siren (Lair:3)
  5 black mambas
  3 cane toads
  An eye of devastation (Gauntlet)
  2 guardian serpents (Snake:4)
  6 komodo dragons
  3 centaur skeletons (D:14)
  2 ice devils (IceCv)
  An efreet (D:15)
  2 freezing wraiths (IceCv)
  5 rime drakes
  2 merfolk (Lair:3)
  3 polar bears (Lair:1)
  A glass eye (Gauntlet)
  2 hornets (D:14)
  10 blink frogs
  A draconian simulacrum (Zot:3)
  2 snapping turtles
  7 dream sheep (Lair:4)
  4 slime creatures
  2 spriggans (D:14)
  A centaur simulacrum (Gauntlet)
  A water elemental (Elf:1)
  3 wargs (Orc:2)
  3 basilisks
  30 yaks
  2 wraiths
  10 wyverns
  A human (D:9)
  A redback (Gauntlet)
  A steam dragon (D:5)
  A red draconian simulacrum (Zot:3)
  5 nagas
  5 water moccasins
  12 orc warriors
  A black bear (D:14)
  An ice beast (Lair:5)
  15 wolves
  A boggart (D:14)
  A centaur (D:11)
  A kobold brigand (D:9)
  4 bullfrogs
  3 earth elementals
  A cane toad simulacrum (IceCv)
  A scorpion (D:6)
  A killer bee (D:9)
  An elephant simulacrum (IceCv)
  A bombardier beetle (D:7)
  5 orc priests
  A wyvern simulacrum (Gauntlet)
  2 iguanas (D:6)
  5 orc wizards
  A polar bear simulacrum (IceCv)
  A mummy (Ossuary)
  2 white imps (Lair:5)
  27 orcs
  A goblin (Bailey)
  A hobgoblin (Bailey)
  11 kobolds
381 creatures vanquished.

Vanquished Creatures (others)
  2 dread liches (Zot:5)
  A Killer Klown (Zot:5)
  5 Orb Guardians (Zot:5)
  33 eldritch tentacles
  A death cob (Zot:4)
  A purple draconian (Zot:2)
  A moth of wrath (Zot:5)
  A storm dragon simulacrum (Zot:3)
  A harpy simulacrum (IceCv)
  A moth of wrath simulacrum (Zot:3)
  A ball lightning (Elf:3)
  25 snaplasher vines
  4 tentacles (Shoals:3)
77 creatures vanquished.

Grand Total: 2250 creatures vanquished

Notes
Turn   | Place    | Note
-------+----------+-------------------------------------------
     0 | D:1      | PaperRat the Coglin Wanderer began the quest for the Orb.
     0 | D:1      | PaperRat set off with the following items: a +0 dagger
                  | {MarĂ­a}, a scroll of silence, a +0 leather armour, a wand
                  | of polymorph (4), 2 throwing nets {!f}; and the following
                  | spell memorised: Freeze; and the following spells available
                  | to memorise: Summon Ice Beast.
     0 | D:1      | Reached XP level 1. HP: 15/15 MP: 2/2
   389 | D:1      | Reached skill level 1 in Stealth
   389 | D:1      | Reached XP level 2. HP: 13/21 MP: 3/3
  1415 | D:2      | Reached XP level 3. HP: 26/26 MP: 4/4
  2287 | D:3      | Found an opulent altar of Gozag.
  2301 | D:3      | Became a worshipper of Gozag Ym Sagoz the Greedy
  2416 | D:3      | Found Oghuaq's Antique Armour Shoppe.
  2428 | D:3      | Noticed Natasha
  2429 | D:3      | Natasha changed into Natasha the orc
  2429 | D:3      | Noticed Natasha
  2466 | D:3      | Killed Natasha the orc
  2622 | D:3      | Reached XP level 4. HP: 30/32 MP: 5/5
  2768 | D:4      | Found a shadowy altar of Dithmenos.
  2770 | D:4      | Found a hazy altar of Hepliaklqana.
  2778 | D:4      | Found a snail-covered altar of Cheibriados.
  2804 | D:4      | Noticed an ogre
  2880 | D:3      | Found an ancient bone altar of Kikubaaqudgha.
  2880 | D:3      | Found a shimmering altar of Xom.
  2881 | D:3      | Found a sparkling altar of Nemelex Xobeh.
  2946 | D:3      | Noticed Robin
  3092 | D:3      | Learned a level 3 spell: Summon Ice Beast
  3188 | D:3      | Identified the +0 ring mail of Festooned Contentment {rPois
                  | Will- Int+5}
  3301 | D:3      | Reached XP level 5. HP: 37/37 MP: 6/6
  3347 | D:3      | Noticed Natasha
  3359 | D:3      | Killed Natasha
  3389 | D:3      | Noticed Natasha
  3399 | D:3      | Killed Natasha
  3400 | D:3      | Reached skill level 1 in Summonings
  3467 | D:3      | Bought a scorched cloak for 218 gold pieces
  3467 | D:3      | Identified the +0 cloak of Weicef {Dex+2 SInv} (You bought
                  | it in a shop on level 3 of the Dungeon)
  3591 | D:3      | Killed Robin
  3856 | D:4      | Reached XP level 6. HP: 36/44 MP: 1/7
  4111 | D:3      | Bought a runed robe for 85 gold pieces
  5018 | D:4      | Found a snail-covered altar of Cheibriados.
  5018 | D:4      | Found a hazy altar of Hepliaklqana.
  5023 | D:4      | Found a shadowy altar of Dithmenos.
  5541 | D:5      | Entered Level 5 of the Dungeon
  5700 | D:5      | Learned a level 3 spell: Ozocubu's Armour
  5794 | D:5      | Reached XP level 7. HP: 45/50 MP: 7/9
  5880 | D:5      | Noticed Edmund
  5881 | D:5      | Edmund changed into Edmund the adder
  5881 | D:5      | Noticed Edmund
  5888 | D:5      | Killed Edmund the adder
  6314 | D:5      | Noticed a steam dragon
  6443 | D:5      | Killed a steam dragon
  6444 | D:5      | Reached skill level 5 in Ice Magic
  6552 | D:6      | Found a sand-covered staircase.
  6581 | Ossuary  | Entered an ossuary
  6691 | Ossuary  | Reached XP level 8. HP: 51/56 MP: 11/11
  7135 | D:6      | Reached skill level 5 in Summonings
  7216 | D:3      | Bought a glowing leather armour for 115 gold pieces
  7511 | D:6      | Learned a level 4 spell: Petrify
  7628 | D:6      | Found a staircase to the Ecumenical Temple.
  7656 | D:6      | Reached skill level 1 in Alchemy
  7700 | D:6      | Reached skill level 1 in Earth Magic
  7715 | Temple   | Entered the Ecumenical Temple
  7975 | D:6      | Reached XP level 9. HP: 61/62 MP: 12/12
  8467 | D:7      | Learned a level 2 spell: Blink
  8571 | D:7      | Found a flagged portal.
  8592 | Bailey   | Entered a bailey
  8691 | Bailey   | Reached skill level 1 in Translocations
  9012 | Bailey   | Identified the +2 trident "Gipp" {speed, rPois rF+ Will+}
 10325 | D:8      | Reached skill level 5 in Fighting
 10325 | D:8      | Reached XP level 10. HP: 62/74 MP: 7/16
 10400 | D:8      | Found a radiant altar of Vehumet.
 10562 | D:8      | Found a broken altar of Ashenzari.
 10805 | D:8      | Found a stormy altar of Qazlal.
 10822 | D:8      | Found a shimmering blue altar of Sif Muna.
 11181 | D:8      | Reached skill level 5 in Spellcasting
 11434 | D:9      | Reached skill level 5 in Translocations
 12026 | D:9      | Identified the +7 quarterstaff of Doom {vamp, rElec rF+
                  | Will+}
 12231 | D:9      | Learned a level 5 spell: Summon Forest
 12715 | D:9      | Found an iron altar of Okawaru.
 12877 | D:10     | Entered Level 10 of the Dungeon
 12937 | D:10     | Noticed Nergalle
 12945 | D:10     | Killed Nergalle
 12946 | D:10     | Reached skill level 5 in Evocations
 12946 | D:10     | Reached XP level 11. HP: 86/86 MP: 17/19
 12986 | D:10     | Noticed a two-headed ogre
 13149 | D:10     | Killed a two-headed ogre
 13492 | D:10     | Noticed a deep elf pyromancer
 13499 | D:10     | Noticed an eight-headed hydra
 13505 | D:10     | Killed an eight-headed hydra
 13547 | D:10     | Killed a deep elf pyromancer
 14311 | D:10     | Found a staircase to the Lair.
 14531 | D:10     | Found a basalt altar of Yredelemnul.
 14534 | D:10     | Identified the +0 ring mail "Hofy" {rPois rF- Str+4 Int+4}
 14742 | D:10     | Learned a level 5 spell: Freezing Cloud
 14754 | D:10     | Found a large runed translucent door.
 14755 | D:10     | Found a large runed translucent door.
 14758 | D:10     | Noticed Bigboy123's ghost (novice MiBe)
 14954 | Lair:1   | Entered Level 1 of the Lair of Beasts
 15411 | Lair:1   | Reached XP level 12. HP: 92/92 MP: 16/21
 15588 | Lair:1   | Reached skill level 10 in Summonings
 16307 | Lair:1   | Reached skill level 10 in Translocations
 16355 | Lair:1   | Reached skill level 1 in Conjurations
 16355 | Lair:1   | Reached skill level 1 in Air Magic
 16555 | Lair:1   | Identified the ring of Vampiric Thralls {Fly rC++ rN+ Dex-5
                  | Slay-2}
 16775 | Lair:2   | Noticed a boulder beetle
 17162 | Lair:2   | Killed a boulder beetle
 17427 | Lair:2   | Reached XP level 13. HP: 91/98 MP: 16/22
 18059 | Lair:3   | Found a staircase to the Snake Pit.
 18614 | Lair:3   | Reached skill level 5 in Conjurations
 18614 | Lair:3   | Reached skill level 5 in Air Magic
 18852 | Lair:3   | Found a staircase to the Shoals.
 19337 | Lair:4   | Found a runed translucent door.
 19341 | Lair:4   | Noticed an azure jelly
 20037 | Lair:4   | Identified the +2 plate armour of Disguise {+Blink rN+
                  | Str+4}
 20141 | Lair:4   | Found a staircase to the Slime Pits.
 20141 | Lair:4   | Noticed an azure jelly
 20329 | Lair:5   | Entered Level 5 of the Lair of Beasts
 20397 | Lair:5   | Found a frozen archway.
 20409 | Lair:5   | Reached XP level 14. HP: 94/105 MP: 4/23
 20646 | IceCv    | Entered an ice cave
 21181 | IceCv    | Found an ancient bone altar of Kikubaaqudgha.
 21470 | IceCv    | Identified the ring of the Turtle {rElec rN+ Str+3 Slay+2}
 22326 | Lair:5   | Reached skill level 10 in Ice Magic
 22656 | Lair:5   | Learned a level 5 spell: Irradiate
 23792 | Lair:5   | Reached XP level 15. HP: 101/110 MP: 17/27
 24519 | Lair:5   | Identified the ring of Huikk {^Contam rElec rPois rF+
                  | rN+++}
 24663 | D:10     | Bought a +1 pair of gloves of stealth for 247 gold pieces
 24678 | D:10     | Bought the +5 leather armour of Ahimatocueq {Will+} for 396
                  | gold pieces
 24886 | D:11     | You are sucked into a shaft and drop 2 floors!
 25041 | D:11     | Reached skill level 5 in Alchemy
 25133 | D:11     | Found a gate leading to a gauntlet.
 25149 | Gauntlet | Entered a Gauntlet
 25149 | Gauntlet | Found a transporter.
 25149 | Gauntlet | Found a runed translucent door.
 25151 | Gauntlet | Found a runed translucent door.
 25153 | Gauntlet | Found a transporter.
 25155 | Gauntlet | Found a transporter.
 25179 | Gauntlet | Found a transporter.
 25194 | Gauntlet | Found a transporter.
 25196 | Gauntlet | Found a transporter.
 25207 | Gauntlet | Found a transporter.
 25223 | Gauntlet | Found a transporter.
 25233 | Gauntlet | Found a transporter.
 25237 | Gauntlet | Found a transporter.
 25240 | Gauntlet | Found a transporter.
 25240 | Gauntlet | Found a runed translucent door.
 25247 | Gauntlet | Found a transporter.
 25271 | Gauntlet | Found a transporter.
 25285 | Gauntlet | Found a transporter.
 25701 | Gauntlet | Identified the +1 helmet "Erodifem" {Dex+3}
 25793 | Gauntlet | Identified 3 scrolls of acquirement
 25924 | D:11     | Acquired the ring of the Tired Wars {rN+ Str+4 Int+4 Dex+6
                  | Stlth+}
 25925 | D:11     | Acquired 415 gold pieces
 25926 | D:11     | Acquired the amulet "Giytois" {Reflect Fly Int+5 Dex-4 SH+5
                  | Stlth+}
 26120 | D:11     | Found a staircase to the Orcish Mines.
 26998 | D:12     | Reached skill level 10 in Evocations
 28825 | Orc:1    | Entered Level 1 of the Orcish Mines
 29235 | Orc:1    | Found Awytorass's Antique Armour Boutique.
 29442 | Orc:2    | Entered Level 2 of the Orcish Mines
 29442 | Orc:2    | Noticed Sonja
 29449 | Orc:2    | Killed Sonja
 29615 | Orc:2    | Noticed an orc warlord
 29626 | Orc:2    | Killed an orc warlord
 29956 | Orc:2    | Reached skill level 5 in Dodging
 30360 | Orc:2    | Found Irphiem's Book Emporium.
 30514 | Orc:2    | Reached XP level 16. HP: 86/122 MP: 22/28
 30787 | Orc:2    | Found a staircase to the Elven Halls.
 30871 | Orc:2    | Found a roughly hewn altar of Beogh.
 31019 | Orc:2    | Found Loudimn's Distillery.
 31072 | Orc:2    | Found a roughly hewn altar of Beogh.
 31082 | Orc:2    | Found Viapsi's Magic Scroll Shoppe.
 31093 | Orc:2    | Reached skill level 10 in Fighting
 31111 | Orc:2    | Found Mudghuter's Weapon Emporium.
 31135 | Orc:2    | Bought a scroll of fog for 72 gold pieces
 31135 | Orc:2    | Bought a scroll of butterflies for 72 gold pieces
 31788 | Orc:2    | Bought the Unrestrained Analects for 660 gold pieces
 31797 | Orc:2    | Learned a level 7 spell: Ozocubu's Refrigeration
 31813 | Orc:2    | Bought a potion of curing for 45 gold pieces
 31813 | Orc:2    | Bought a potion of might for 60 gold pieces
 31813 | Orc:2    | Bought a potion of enlightenment for 75 gold pieces
 31813 | Orc:2    | Bought a potion of haste for 150 gold pieces
 31813 | Orc:2    | Bought a potion of cancellation for 120 gold pieces
 31813 | Orc:2    | Bought a potion of haste for 150 gold pieces
 32043 | D:14     | Found a runed translucent door.
 32046 | D:14     | Noticed Koneso's ghost (journeyman DjCj)
 32077 | D:14     | Identified the +3 spear "Qeonyvae" {flame, Int+3 Dex+2}
 33424 | D:14     | Found a gate to the Vaults.
 33891 | D:14     | Identified the +4 dagger "Cofecuyf" {drain, Int+3}
 34032 | D:14     | Killed Koneso's ghost
 34315 | D:10     | Killed Bigboy123's ghost
 34555 | D:15     | Entered Level 15 of the Dungeon
 34660 | D:15     | Noticed Roxanne
 35628 | D:15     | Found a staircase to the Depths.
 36131 | D:15     | Noticed Jorgrun
 36151 | D:15     | Killed Jorgrun
 37468 | D:15     | Bought a scroll of immolation for 64 gold pieces
 37468 | D:15     | Bought a wand of charming (7) for 268 gold pieces
 37468 | D:15     | Bought a wand of mindburst (8) for 179 gold pieces
 37468 | D:15     | Bought a potion of magic for 128 gold pieces
 37681 | Snake:1  | Entered Level 1 of the Snake Pit
 37901 | Snake:1  | Found a transporter.
 37906 | Snake:1  | Noticed Vorhees's ghost (adept CoGl)
 37938 | Snake:1  | Found a transporter.
 38652 | Snake:1  | Reached XP level 17. HP: 128/128 MP: 24/30
 38960 | Snake:1  | Reached skill level 15 in Ice Magic
 39048 | Snake:1  | Killed Vorhees's ghost
 39057 | Snake:1  | Identified the amulet "Urpheo Mate" {Spirit *Slow rPois
                  | Str+5}
 39199 | Snake:1  | Reached skill level 10 in Spellcasting
 39199 | Snake:1  | Reached XP level 18. HP: 134/134 MP: 30/32
 40892 | Snake:2  | Noticed Agnes
 40906 | Snake:2  | Killed Agnes
 42793 | Snake:3  | Learned a level 4 spell: Summon Lightning Spire
 42800 | Snake:3  | Learned a level 6 spell: Eringya's Noxious Bog
 43245 | Snake:3  | Found Heuli's Jewellery Shop.
 43887 | Snake:3  | Identified the ring "Okkiah" {rElec rF+ Str+6 Stlth+}
 44398 | Snake:4  | Entered Level 4 of the Snake Pit
 44855 | Snake:4  | Reached skill level 10 in Alchemy
 44974 | Snake:4  | Found Wenaysor's Antique Weapon Emporium.
 45594 | Snake:4  | Reached XP level 19. HP: 135/144 MP: 7/33
 46441 | Snake:4  | Found a basalt altar of Yredelemnul.
 47250 | Snake:4  | Noticed Vashnia
 47278 | Snake:4  | Killed Vashnia
 48039 | Snake:4  | Reached skill level 10 in Dodging
 48149 | Snake:4  | Found an iron altar of Okawaru.
 48276 | Snake:4  | Got a serpentine rune of Zot
 48710 | Shoals:1 | Entered Level 1 of the Shoals
 49680 | Shoals:1 | Found Rihogot's Mayhem Merchandise.
 49690 | Shoals:1 | Bought a wand of iceblast (8) for 288 gold pieces
 49909 | Shoals:1 | Found Sudoj's Magic Scroll Shop.
 49917 | Shoals:1 | Bought a scroll of teleportation for 42 gold pieces
 49917 | Shoals:1 | Bought a scroll of blinking for 105 gold pieces
 49917 | Shoals:1 | Bought a scroll of fog for 56 gold pieces
 49917 | Shoals:1 | Bought a scroll of fear for 56 gold pieces
 49917 | Shoals:1 | Bought a scroll of fear for 56 gold pieces
 51217 | Shoals:2 | Identified the serpent talisman of Wonder {Str+4 Dex+3}
 51217 | Shoals:2 | Noticed Aizul
 51231 | Shoals:2 | Killed Aizul
 52755 | Shoals:2 | Noticed Polyphemus
 52760 | Shoals:2 | Reached skill level 5 in Armour
 52769 | Shoals:2 | Killed Polyphemus
 53434 | Shoals:3 | Noticed Donald
 53451 | Shoals:3 | Noticed Bai Suzhen
 53453 | Shoals:3 | Killed Donald
 53485 | Shoals:2 | Killed Bai Suzhen
 53787 | Shoals:3 | Reached XP level 20. HP: 154/154 MP: 14/34
 54005 | Shoals:3 | Identified the +5 mace of the Ten Planets {drain, rN+}
 55256 | Shoals:4 | Entered Level 4 of the Shoals
 55352 | Shoals:4 | Noticed Ilsuiw
 55358 | Shoals:4 | Killed Ilsuiw
 55621 | Shoals:4 | Reached skill level 15 in Evocations
 56222 | Shoals:4 | Identified the +6 whip of Cayjol {flame, Str+7}
 56649 | Shoals:4 | Got a barnacled rune of Zot
 57624 | Orc:2    | Bought a potion of heal wounds for 95 gold pieces
 57632 | Elf:1    | Entered Level 1 of the Elven Halls
 58084 | Elf:1    | Got the Papyrus of the Raven
 58172 | Elf:1    | Found a radiant altar of Vehumet.
 59005 | Elf:1    | Found a portal to a secret trove of treasure.
 59319 | Elf:2    | Found Biebb's Distillery.
 59434 | Elf:2    | Bought a potion of heal wounds for 75 gold pieces
 59434 | Elf:2    | Bought a potion of magic for 120 gold pieces
 59434 | Elf:2    | Bought a potion of invisibility for 120 gold pieces
 59434 | Elf:2    | Bought a potion of curing for 45 gold pieces
 59434 | Elf:2    | Bought 2 potions of brilliance for 120 gold pieces
 60315 | Elf:2    | Found a runed translucent gate.
 60315 | Elf:2    | Found a runed translucent gate.
 60358 | Elf:2    | Found a runed translucent gate.
 60411 | Elf:3    | Entered Level 3 of the Elven Halls
 60440 | Elf:3    | Reached XP level 21. HP: 146/163 MP: 21/36
 60922 | Elf:3    | Learned a level 4 spell: Ignite Poison
 61359 | Elf:3    | Paralysed by an air elemental for 1 turns
 62677 | Elf:3    | Identified the +8 battleaxe "Vubeq" {holy, Will++}
 62770 | Elf:3    | Identified the +1 long sword of Heezxank {speed, rPois rF+
                  | rN+++ Int-5}
 62772 | Elf:3    | Identified the +10 flail "Zaijut" {heavy, rElec rPois rC-}
 62772 | Elf:3    | Identified the +1 sling of the Fool {antimagic, rElec rC+
                  | Dex-3}
 62778 | Elf:3    | Identified the amulet "Duhohad" {Spirit rF+ Will+ Int+3
                  | Dex-4}
 63163 | Elf:3    | Identified the +8 glaive "Keso" {holy, rF- rN++ Str+3}
 63946 | Elf:3    | Identified the +0 pair of boots of Huasol {Str+3 Stlth+}
 63962 | Elf:3    | Identified the +9 longbow of Beng {heavy, ^Drain rF+ Dex+3}
 64310 | D:14     | Bought the ring "Himyt" {rElec rCorr EV+5 Dex+5} for 1123
                  | gold pieces
 64315 | Vaults:1 | Entered Level 1 of the Vaults
 64496 | Vaults:1 | Learned a level 5 spell: Yara's Violent Unravelling
 66362 | Vaults:1 | Reached skill level 15 in Fighting
 66644 | Vaults:1 | Reached XP level 22. HP: 175/175 MP: 3/38
 67035 | Vaults:1 | Reached skill level 1 in Staves
 67535 | Vaults:2 | Found Naym's Magic Scroll Boutique.
 67608 | Vaults:2 | Found Xirhuyji's Weapon Emporium.
 67610 | Vaults:2 | Found Honoss's Weapon Emporium.
 67618 | Vaults:2 | Found a flickering gateway to a bazaar.
 67621 | Vaults:2 | Bought 4 darts of dispersal for 72 gold pieces
 67632 | Bazaar   | Entered a bazaar
 67632 | Bazaar   | Found Riovoos's Jewellery Shoppe.
 67632 | Bazaar   | Found Koel's Distillery.
 67636 | Bazaar   | Found Jaffosuf's Book Emporium.
 67649 | Bazaar   | Found Xayjer's Distillery.
 67657 | Bazaar   | Bought a potion of heal wounds for 60 gold pieces
 67657 | Bazaar   | Bought a potion of invisibility for 96 gold pieces
 67657 | Bazaar   | Bought a potion of heal wounds for 60 gold pieces
 67657 | Bazaar   | Bought a potion of mutation for 96 gold pieces
 67657 | Bazaar   | Bought a potion of mutation for 96 gold pieces
 67667 | Bazaar   | Bought a potion of heal wounds for 45 gold pieces
 67667 | Bazaar   | Bought a potion of heal wounds for 45 gold pieces
 67667 | Bazaar   | Bought a potion of heal wounds for 45 gold pieces
 67667 | Bazaar   | Bought a potion of curing for 27 gold pieces
 67667 | Bazaar   | Bought a potion of haste for 90 gold pieces
 67667 | Bazaar   | Bought a potion of curing for 27 gold pieces
 67671 | Bazaar   | Bought a book of Geomancy for 300 gold pieces
 67675 | Bazaar   | Learned a level 3 spell: Passwall
 67721 | Vaults:2 | Identified the +3 battleaxe of the Jumping Sybil {freeze,
                  | *Rage rC+ Int+3 SInv}
 68173 | Vaults:2 | Bought 3 scrolls of butterflies for 276 gold pieces
 68173 | Vaults:2 | Bought a scroll of teleportation for 69 gold pieces
 68173 | Vaults:2 | Bought a scroll of teleportation for 69 gold pieces
 68173 | Vaults:2 | Bought a scroll of butterflies for 92 gold pieces
 68294 | Vaults:2 | Found a staircase to the Crypt.
 68294 | Vaults:2 | Found an ancient bone altar of Kikubaaqudgha.
 68295 | Vaults:2 | Found a basalt altar of Yredelemnul.
 69540 | Vaults:2 | Identified the +4 leather armour of Naaggesu {+Blink Int-5
                  | Dex+2}
 69605 | Vaults:2 | Found Relogeb's Assorted Antiques.
 69610 | Vaults:2 | Bought spiked steam dragon scales for 1350 gold pieces
 69610 | Vaults:2 | Identified the +1 steam dragon scales of Tonejaph {-Tele
                  | Harm rElec Will+ Stlth+} (You bought it in a shop on level
                  | 2 of the Vaults)
 69610 | Vaults:2 | Bought a scroll of immolation for 120 gold pieces
 69823 | Vaults:3 | Identified the +1 great sword of the King {vamp, rCorr
                  | Int-5 Dex+4}
 70240 | Vaults:3 | Found a glowing golden altar of the Shining One.
 71025 | Vaults:3 | Reached skill level 5 in Staves
 72426 | Vaults:4 | Reached XP level 23. HP: 184/184 MP: 14/40
 74614 | Vaults:4 | Found a runed translucent gate.
 74615 | Vaults:4 | Found a runed translucent gate.
 74615 | Vaults:4 | Found a runed translucent gate.
 74995 | Vaults:4 | Noticed Inony's ghost (master FoHu)
 75120 | Vaults:4 | Killed Inony's ghost
 75120 | Vaults:4 | Gained mutation: You are weak. (Str -2) [mutagenic glow]
 75214 | Vaults:4 | Identified the +1 cloak "Pioc" {rN+ Dex+3}
 75217 | Vaults:4 | Identified the +2 pair of gloves of Duechid {Harm Rampage
                  | Dex-2 Slay+4}
 75575 | Slime:1  | Entered Level 1 of the Pits of Slime
 78191 | Slime:5  | Entered Level 5 of the Pits of Slime
 80085 | Slime:5  | Reached skill level 15 in Spellcasting
 80216 | Slime:5  | Noticed the Royal Jelly
 80230 | Slime:5  | Killed the Royal Jelly
 80231 | Slime:5  | Reached XP level 24. HP: 142/191 MP: 42/42
 80546 | Slime:5  | Got a slimy rune of Zot
 80551 | Slime:5  | Identified the +1 long sword of Qazlal's Whim {speed,
                  | Str+6}
 80558 | Slime:5  | Identified the +0 chain mail of Life {+Blink rPois Int+2}
 80701 | Slime:5  | Identified the +0 helmet "Peune" {Harm Will+ Regen+}
 80704 | Slime:5  | Identified the +1 scale mail of Irent {Str+6}
 80707 | Slime:5  | Identified the ring of Xocis {rN+ Int+4}
 80747 | Slime:5  | Identified the +6 falchion of Ogaeb {freeze, rElec rPois
                  | rC- Int+4 Stlth+}
 80786 | Slime:5  | Identified the +3 sling "Pompeoz" {drain, rC+++ rN+ Will-
                  | Int-3}
 80792 | Slime:5  | Identified the ring "Zogywollo" {Will+ Dex+5}
 81584 | D:14     | Bought the ring "Aschesmuti" {rF++ rC+} for 841 gold pieces
 81659 | Depths:1 | Entered Level 1 of the Depths
 81936 | D:15     | Learned a level 6 spell: Dispersal
 82350 | Depths:1 | Found Genom's Self-Published Books.
 82614 | Depths:1 | Found a glowing golden altar of the Shining One.
 82858 | Depths:1 | Found Ceor's Jewellery Shoppe.
 82858 | Depths:1 | Found Feqedin's Book Boutique.
 82859 | Depths:1 | Found Pomnos's Jewellery Shoppe.
 82868 | Depths:1 | Bought the Vellum of Dislocation for 690 gold pieces
 82876 | Depths:1 | Bought a ring of the Octopus King {HP+2 AC+2 EV+2 SH+2
                  | SInv} for 1079 gold pieces
 82876 | Depths:1 | Found the ring of the Octopus King {HP+2 AC+2 EV+2 SH+2
                  | SInv}
 82903 | Depths:1 | Acquired 1103 gold pieces
 83000 | Depths:1 | Found a gateway to Hell.
 83527 | Depths:2 | Found Vestab's Armour Boutique.
 83857 | Depths:2 | Found a one-way gate leading to the halls of Pandemonium.
 84149 | Depths:2 | Found a shimmering altar of Xom.
 84531 | Depths:2 | Found a one-way gateway to a ziggurat.
 85148 | Depths:2 | Noticed a caustic shrike
 85160 | Depths:2 | Killed a caustic shrike
 86004 | Depths:2 | Identified the +7 quarterstaff "Tatedd" {flame, rC+ Str-2
                  | Dex+3 SInv}
 86548 | Depths:2 | Got the Lectures on Ozone
 87488 | Depths:3 | Found a one-way gate to the infinite horrors of the Abyss.
 87711 | Depths:3 | Reached XP level 25. HP: 200/200 MP: 21/42
 88036 | Depths:3 | You are sucked into a shaft and drop 1 floor!
 88036 | Depths:4 | Entered Level 4 of the Depths
 89473 | Depths:3 | Learned a level 7 spell: Malign Gateway
 91911 | Depths:4 | Found a gate to the Realm of Zot.
 91923 | Zot:1    | Entered Level 1 of the Realm of Zot
 92487 | Zot:1    | Learned a level 4 spell: Summon Lightning Spire
 93324 | Zot:1    | Identified the ring "Suucynn" {rN+ Will+ Str-2 Int+2}
 95543 | Zot:2    | Reached XP level 26. HP: 211/211 MP: 39/43
 96878 | Zot:3    | Found a bloodstained altar of Trog.
 97108 | Zot:3    | Reached skill level 15 in Translocations
 97354 | Zot:3    | Identified the ring "Qytzusir" {Ice *Corrode +Blink rElec
                  | Stlth+}
 97354 | Zot:3    | Noticed Josephina
 97396 | Zot:3    | Killed Josephina
 97397 | Zot:3    | Reached skill level 15 in Summonings
 98028 | Zot:4    | Noticed a Killer Klown
 98034 | Zot:4    | Noticed a Killer Klown
 98702 | Zot:4    | Killed a Killer Klown
 99042 | Zot:4    | Killed a Killer Klown
100241 | Zot:5    | Entered Level 5 of the Realm of Zot
100271 | Zot:5    | Found the +4 consecrated labrys {holy, Valiant ^Fragile Fly
                  | SInv}
100986 | Zot:5    | Noticed a Killer Klown
100986 | Zot:5    | Noticed a Killer Klown
100986 | Zot:5    | Noticed a Killer Klown
100986 | Zot:5    | Noticed a Killer Klown
101001 | Zot:5    | Killed a Killer Klown
101128 | Zot:5    | Killed a Killer Klown
101399 | Zot:5    | Killed a Killer Klown
101490 | Zot:5    | Killed a Killer Klown
101959 | Zot:5    | Reached skill level 15 in Dodging
102474 | Zot:5    | Learned a level 1 spell: Apportation
102502 | Zot:5    | Noticed a dread lich
102502 | Zot:5    | Noticed a dread lich
102503 | Zot:5    | Noticed an orb of fire
102505 | Zot:5    | Noticed an orb of fire
102508 | Zot:5    | Noticed an orb of fire
102514 | Zot:5    | Killed a dread lich
102520 | Zot:5    | Noticed an orb of fire
102524 | Zot:5    | Noticed a Killer Klown
102528 | Zot:5    | Killed an orb of fire
102537 | Zot:5    | Noticed an orb of fire
102581 | Zot:5    | Got Reomal's Information on the Ground
102594 | Zot:5    | Acquired 684 gold pieces
102614 | Zot:5    | Noticed an orb of fire
102630 | Zot:5    | Killed an orb of fire
102631 | Zot:5    | Reached XP level 27. HP: 150/217 MP: 36/43
102807 | Zot:5    | Got the Orb of Zot
103093 | Depths:2 | Noticed Qaer the pandemonium lord
103192 | D:14     | Noticed Joecrups the pandemonium lord
103478 | D:$      | Escaped with the Orb!

Illustrated notes

Levels and vault maps discovered:
D:1:      minmay_arrival_checkered_box, layout_basic
D:2:      layout_basic
D:3:      layout_basic, mainiacjoe_overflow_tiny_flanked,
          nicolae_overflow_hidden_temple, serial_shops, nicolae_shop_waterfront,
          uniq_natasha, uniq_robin
D:4:      corexii_shack_village, layout_cave_pools,
          gammafunk_temple_overflow_forgotten, gup_sewer_entry_spiral,
          minmay_ogre_servants
D:5:      layout_loops_ring, serial_bayou_pond_a, minmay_door_square,
          uniq_edmund
D:6:      layout_loops_ring, minmay_temple_entry_ruins, enter_ossuary_1,
          amethyst_killhole
D:7:      layout_basic, enter_bailey_7
D:8:      layout_loops_ring, mainiacjoe_overflow_large_starburst,
          amcnicky_altar_gilded, nicolae_vehumet_altar_sigil
D:9:      layout_cave_pods, okawaru_humans
D:10:     layout_loops_corners, lemuel_round_altar, erik_lair_orcish_takeover,
          ebering_ghost_disaster_area, minmay_gold_behind_fungi,
          minmay_checkerbox, uniq_nergalle
D:11:     minmay_inner_zag, layout_long_grid, gauntlet_entry_generic
D:12:     layout_basic, minivault_19, chequers_serial_rivers_micro_c
D:13:     layout_basic
D:14:     layout_roguey, hangedman_vaults_entry_quadrant_bands, nrook_campfire,
          ebering_ghost_funeral_grove
D:15:     hellmonk_depths_entry_around_the_bend, layout_irregular_city,
          uniq_roxanne, uniq_jorgrun
Temple:   compressed_dpeg_triangle_lava_temple
Lair:1:   regret_index_malice_mire, layout_regular_city, grunt_megastairs_5
Lair:2:   layout_loops_ring
Lair:3:   layout_regular_city, elwin_shoals_entry_stream,
          minmay_snake_entry_guardpost_small, infiniplex_staircase_pool_2
Lair:4:   layout_long_grid, slime_entry_2, nicolae_lair_grove_arrangements
Lair:5:   grunt_lair_end_beastmaster, layout_gridlike,
          portal_ice_cave_entry_pillars_1, ice2_lemuel
Shoals:1: layout_shoals, serial_shops, shop, minmay_shop_mayhem
Shoals:2: layout_shoals, uniq_polyphemus, uniq_aizul
Shoals:3: layout_shoals, uniq_donald, uniq_bai_suzhen
Shoals:4: shoals_end_hangedman, layout_shoals, shoal_ilsuiw,
          nicolae_shoals_lost_giant_pillars
Snake:1:  layout_rooms, gammafunk_ghost_berserking_beasts,
          nicolae_twisty_statue_hallways, grunt_megastairs_1
Snake:2:  layout_basic, uniq_agnes
Snake:3:  kennysheep_six_static_rooms, layout_chambers, serial_shops, shop,
          nicolae_snake_linked_coils, nrook_guardian_serpent_double
Snake:4:  grunt_snake_rune_serpentine_throne, layout_chambers, basic_altar,
          nicolae_zig_zag_zippers, minmay_shop_star, lemuel_fruit_tree
Slime:1:  layout_caves
Slime:2:  layout_caves
Slime:3:  layout_caves
Slime:4:  layout_caves
Slime:5:  slime_pit_nicolae_block_by_block
Orc:1:    layout_diamond_mine, serial_shops, nicolae_shop_peninsula
Orc:2:    st_orc_town, layout_diamond_mine, basic_altar, uniq_sonja
Elf:1:    eino_elf_arrival_the_gate, layout_loops_corners, basic_altar,
          enter_trove_6, minmay_elf_demonology
Elf:2:    elven_hall_of_blades_hangedman_original
          [nicolae_blade_entry_pointy_end], layout_geoelf_grid, serial_shops,
          nicolae_shop_temple_entry_statues_fountains, st_stairs_12
Elf:3:    elf_hall, layout_geoelf_diagonals, serial_aquarium,
          aquarium_bridge_long_joined [aquarium_subvault_wall,
          aquarium_subvault_wall, aquarium_subvault_bridge,
          aquarium_subvault_wall, aquarium_subvault_window,
          aquarium_subvault_bridge], aquarium_window_corridor_3,
          aquarium_window_1, aquarium_window_1, aquarium_view_2c,
          aquarium_view_2c, aquarium_balcony_1a
Vaults:1: nicolae_vaults_security_offices_5, vaults_standard_mumra_lines,
          v_alt_pattern_2, dpeg_vaults_monster_row, vaults_dpeg_cross,
          ontoclasm_vaults_chip, nicolae_vaults_trapezoid_1,
          nicolae_vaults_border_crossing, nicolae_vaults_alarming,
          vaults_room_hallway, layout_vaults_big_room
Vaults:2: grunt_vaults_focal, nicolae_vaults_network_quinsquares
          [nicolae_vaults_network_quincunx_subvault,
          nicolae_vaults_network_quincunx_subvault,
          nicolae_vaults_network_quincunx_subvault,
          nicolae_vaults_network_quincunx_subvault],
          nicolae_vaults_steering_wheel, hangedman_vaults_maws,
          vaults_dpeg_emergency_exit, vaults_standard_mumra_enter_the_diamond,
          minmay_crypt_entry_necro_gods, nicolae_vaults_tetromino_Z_2,
          nicolae_vaults_mitosis, nicolae_vaults_prndl, v_misc_17,
          hangedman_vaults_slice, nicolae_vaults_antechamber_and_loot_room,
          ontoclasm_vaults_loading_screen, nicolae_vaults_double_plus_1,
          nicolae_vaults_angled_halls, v_misc_25, layout_vaults_maze,
          serial_shops, bzr_entry_safe, nicolae_shop_pleasant_corner_grove,
          shop_fountains, shop, shop
Vaults:3: hangedman_vaults_nails, nicolae_vaults_meiosis,
          nicolae_vaults_stairing_the_circle, v_misc_27,
          nicolae_vaults_twisting_passages, lemuel_angel_altar,
          hangedman_vaults_restitches, hangedman_vaults_stretched_pinwheel,
          nicolae_vaults_diamond_1, nicolae_vaults_security_offices_4,
          layout_vaults_big_cross
Vaults:4: gammafunk_ghost_spectres, nicolae_vaults_quadrants,
          dpeg_vaults_monster_box, v_misc_5, nicolae_vaults_heart-shaped_vault,
          nicolae_vaults_prndl, vaults_standard_mumra_x, layout_vaults_ring
Depths:1: layout_cave_shapes, grunt_hell_horde, serial_sigils_hangedman_snap,
          nicolae_custom_books, tso_oasis_becter, minmay_shop_grove
Depths:2: evilmike_hourglass, layout_cave_shapes, enter_ziggurat_f,
          rand_demon_pan_entry_3, hell_entry,
          serial_library_hellmonk_secret_room, serial_shops, shop, led_xom_imps,
          infiniplex_staircase_zigzag_4
Depths:3: dreamdust_cat_pyramid, layout_gridlike, hellmouth_1,
          hangedman_abyss_entry_splay, dk_noncrumbling_3
Depths:4: evilmike_zot_entry_hall, layout_basic, serial_curves, eino_curves_03,
          eino_curves_02, pf_coc_iceberg, minivault_14
Zot:1:    layout_misc_corridors, regret_index_zotdec_decaying_basic,
          st_large_dragon_hoard_1
Zot:2:    layout_misc_corridors, regret_index_zotdec_split_disrupt,
          regret_index_zotdec_zees
Zot:3:    layout_gridlike, basic_altar, uniq_josephina
Zot:4:    grunt_zot_stairs_faceoff, layout_misc_corridors,
          regret_index_zot_stipple_split
Zot:5:    layout_basic, drop_trap

Skill      XL: |  1  2  3  4  5  6  7  8  9 10 11 12 13 14 15 16 17 18 19 20 21 22 23 24 25 26 |
---------------+-------------------------------------------------------------------------------+-----
Stealth        | 1 2 |  2.0
Ice Magic      | 2 3 4 5 6 7 8 11 13 14 15 16 17 18 | 18.0
Summonings     | 1 2 4 6 7 9 10 12 14 16 | 16.5
Fighting       | 2 5 8 9 10 11 12 13 15 16 17 18 | 18.0
Evocations     | 2 3 4 5 6 8 10 13 14 16 18 | 18.0
Spellcasting   | 2 4 5 6 8 9 10 11 12 13 15 16 | 16.0
Alchemy        | 1 2 3 6 7 8 10 11 13 14 | 14.0
Earth Magic    | 1 |  1.8
Translocations | 3 6 8 10 12 14 16 | 16.6
Armour         | 4 5 7 8 |  8.8
Conjurations   | 3 7 8 |  8.0
Air Magic      | 3 7 8 |  8.0
Dodging        | 5 7 9 10 12 14 15 | 15.4
Staves         | 6 |  6.0

Action                     |  1- 3 |  4- 6 |  7- 9 | 10-12 | 13-15 | 16-18 | 19-21 | 22-24 | 25-27 || total
---------------------------+-------+-------+-------+-------+-------+-------+-------+-------+-------++-------
  Melee: Dagger            |    85 |     4 |       |       |       |       |       |       |       ||    89
         Club              |     5 |       |       |       |       |       |       |       |       ||     5
         Whip              |    29 |   108 |   248 |   323 |     6 |       |       |       |       ||   714
         War axe           |     1 |    57 |       |       |       |       |       |       |       ||    58
         Short sword       |       |    24 |   214 |       |       |       |       |       |       ||   238
         Trident           |       |       |    46 |   383 |   612 |   247 |   216 |   432 |   261 ||  2197
         Rapier            |       |       |       |       |   498 |   215 |    39 |       |       ||   752
         Spear             |       |       |       |       |       |       |   123 |       |       ||   123
         Staff             |       |       |       |       |       |       |    39 |   419 |   245 ||   703
  Throw: Stone             |    12 |    16 |     8 |       |       |       |       |       |       ||    36
         Dart              |       |     2 |       |     4 |    21 |    31 |    15 |       |     2 ||    75
         Boomerang         |       |       |     1 |    19 |     3 |       |       |       |       ||    23
   Cast: Freeze            |    20 |    30 |    21 |     6 |     2 |       |       |       |       ||    79
         Summon Ice Beast  |       |       |    35 |    55 |    52 |    25 |       |       |       ||   167
         Ozocubu's Armour  |       |       |     9 |    29 |    29 |    24 |     2 |       |       ||    93
         Summon Forest     |       |       |       |    19 |    39 |    14 |    15 |    10 |    10 ||   107
         Freezing Cloud    |       |       |       |       |    87 |    90 |    84 |    23 |     5 ||   289
         Blink             |       |       |       |       |     1 |     2 |     2 |     1 |       ||     6
         Irradiate         |       |       |       |       |     1 |     5 |    18 |    46 |    49 ||   119
         Ozocubu's Refrige |       |       |       |       |       |   144 |   285 |   358 |   256 ||  1043
         Summon Lightning  |       |       |       |       |       |     9 |    39 |    14 |    12 ||    74
         Eringya's Noxious |       |       |       |       |       |     1 |    24 |    25 |     8 ||    58
         Yara's Violent Un |       |       |       |       |       |       |     5 |    17 |    15 ||    37
         Ignite Poison     |       |       |       |       |       |       |     5 |    17 |     7 ||    29
         Passwall          |       |       |       |       |       |       |       |     4 |     1 ||     5
         Malign Gateway    |       |       |       |       |       |       |       |       |    33 ||    33
         Dispersal         |       |       |       |       |       |       |       |       |     1 ||     1
         Apportation       |       |       |       |       |       |       |       |       |    12 ||    12
 Invoke: Call Merchant     |       |       |       |     2 |     2 |     3 |     2 |       |       ||     9
         Potion Petition   |       |       |       |       |       |       |     1 |       |       ||     1
         Bribe Branch      |       |       |       |       |       |       |       |       |     3 ||     3
  Evoke: Wand              |     1 |    10 |    22 |    15 |    23 |     9 |    35 |    15 |    39 ||   169
         Phantom mirror    |       |       |       |     1 |     1 |       |     1 |     3 |       ||     6
         Lightning rod     |       |       |       |       |     9 |     5 |     8 |    13 |     3 ||    38
         Tin of tremorston |       |       |       |       |       |     2 |     4 |     3 |     3 ||    12
         Sack of spiders   |       |       |       |       |       |       |     1 |     1 |       ||     2
    Use: Potion            |       |     2 |     3 |     1 |     3 |     1 |     4 |     8 |    12 ||    34
         Scroll            |       |     2 |    11 |    11 |    16 |     6 |     5 |     6 |    17 ||    74
   Stab: Sleeping          |     5 |     5 |     2 |     3 |     3 |     1 |     4 |     5 |     2 ||    30
         Distracted        |       |     1 |     1 |     2 |    10 |     5 |     2 |     7 |     7 ||    35
         Petrifying        |       |       |       |       |     2 |       |       |       |       ||     2
         Invisible         |       |       |       |       |       |       |       |       |     1 ||     1
 Armour: Leather armour    |    40 |    27 |    85 |   119 |   364 |   221 |   244 |   269 |   272 ||  1641
         Ring mail         |       |    29 |     4 |       |       |       |       |       |       ||    33
         Robe              |       |    25 |    78 |   125 |       |       |       |       |       ||   228
  Dodge: Dodged            |    50 |    57 |   177 |   303 |   440 |   157 |   198 |   488 |   429 ||  2299
  Block: Other             |       |       |       |       |    26 |    42 |    42 |    92 |    67 ||   269
         Reflection        |       |       |       |       |     5 |     9 |     6 |    11 |     1 ||    32

Table legend: (Time is in decaauts)
 A = Elapsed time spent in this place.
 B = Non-inter-level travel time spent in this place.
 C = Inter-level travel time spent in this place.
 D = Time resting spent in this place.
 E = Time spent auto-exploring this place.
 F = Levels seen in this place.
 G = Mean time per level.
                   A        B        C        D        E       F      G
               +--------+--------+--------+--------+--------+-----+--------+
         Total | 103488 |  96702 |   6786 |  33234 |  37710 |  57 | 1815.6 |
       Dungeon |  24438 |  20751 |   3687 |   5522 |   7304 |  15 | 1629.2 |
        Temple |      4 |      4 |      0 |      0 |      0 |   1 |    4.0 |
          Lair |   9292 |   8403 |    889 |   2145 |   3870 |   5 | 1858.4 |
        Shoals |   8238 |   7985 |    253 |   3059 |   3529 |   4 | 2059.5 |
     Snake Pit |  10981 |  10627 |    354 |   3842 |   5225 |   4 | 2745.2 |
    Slime Pits |   5638 |   5410 |    228 |   2471 |   1780 |   5 | 1127.6 |
  Orcish Mines |   3090 |   2776 |    314 |    858 |    974 |   2 | 1545.0 |
   Elven Halls |   6465 |   6289 |    176 |   2592 |   2453 |   3 | 2155.0 |
        Vaults |  10902 |  10664 |    238 |   3841 |   4554 |   4 | 2725.5 |
        Depths |  10322 |   9968 |    354 |   3553 |   4387 |   4 | 2580.5 |
           Zot |  10609 |  10319 |    290 |   4328 |   3270 |   5 | 2121.8 |
        Bazaar |     61 |     61 |      0 |      0 |      0 |   1 |   61.0 |
       Ossuary |    518 |    518 |      0 |     23 |      0 |   1 |  518.0 |
        Bailey |   1000 |   1000 |      0 |    367 |    182 |   1 | 1000.0 |
      Ice Cave |   1161 |   1161 |      0 |    386 |     97 |   1 | 1161.0 |
      Gauntlet |    760 |    760 |      0 |    246 |     84 |   1 |  760.0 |
               +--------+--------+--------+--------+--------+-----+--------+

Top non-repeatable levels by time:
 Snake:4: 4208 daAuts
   Elf:3: 3640 daAuts
    D:15: 3526 daAuts
Vaults:1: 3245 daAuts
Depths:2: 3097 daAuts
  Lair:5: 3091 daAuts
 Snake:3: 3054 daAuts
Depths:4: 2892 daAuts
Vaults:4: 2811 daAuts
Depths:3: 2719 daAuts
 Slime:5: 2646 daAuts
Vaults:3: 2619 daAuts
   Orc:2: 2543 daAuts
    D:10: 2523 daAuts
    D:14: 2425 daAuts
